 Dungeon Crawl Stone Soup version 0.23-a0-642-g3120c2f (webtiles) character file.

792 zishaf the Ruffian (level 7, -2/60 HPs)
             Began as a Troll Hunter on Dec 30, 2018.
             Was a Follower of Hepliaklqana.
             Slain by a wraith (11 damage)
             ... on level 5 of the Dungeon.
             The game lasted 00:08:40 (3248 turns).

zishaf the Ruffian (Troll Hunter)                   Turns: 3248, Time: 00:08:41

Health: -2/60      AC:  5    Str: 21    XL:     7   Next: 57%
Magic:  0/6        EV: 11    Int:  7    God:    Hepliaklqana [*.....]
Gold:   229        SH:  0    Dex: 12    Spells: 2/6 levels left

rFire    + + .     SeeInvis .     - Unarmed
rCold    . . .     Gourm    +   (no shield)
rNeg     . . .     Faith    .   b - +0 robe
rPois    .         Spirit   .   (helmet restricted)
rElec    .         Reflect  .   (no cloak)
rCorr    .         Harm     .   (gloves unavailable)
MR       .....                  (boots unavailable)
Stlth    +.........             (no amulet)
HPRegen  0.60/turn              l - ring of protection from fire
MPRegen  0.10/turn              g - ring of protection from fire

@: slowed, very slow
A: large, unfitting armour, reduced essence, claws 3, fast metabolism 3,
gourmand, regeneration 1, shaggy fur 1, tough skin 2
a: Recall Ancestor, Ancestor Identity, Renounce Religion


You were on level 5 of the Dungeon.
You worshipped Hepliaklqana.
Hepliaklqana was aware of your devotion.
You were full.

You visited 1 branch of the dungeon, and saw 5 of its levels.

You collected 229 gold pieces.

Inventory:

Missiles
 c - 5 large rocks (quivered)
 d - 2 throwing nets {!f}
 e - 11 poisoned needles
 m - 7 tomahawks
Armour
 b - a +0 robe (worn)
Jewellery
 g - a ring of protection from fire (right claw)
 j - an uncursed amulet of faith
 l - a ring of protection from fire (left claw)
 s - an uncursed ring of ice
Wands
 o - a wand of flame (19)
Scrolls
 h - 2 scrolls of remove curse
 n - a scroll of immolation {unknown}
 q - a scroll of blinking
 r - a scroll of magic mapping {unknown}
Potions
 a - 4 potions of lignification
 i - 5 potions of haste
 k - a potion of curing {unknown}
 p - a potion of brilliance {unknown}
 t - a potion of might {unknown}
Comestibles
 f - 9 rations


   Skills:
 + Level 3.4 Fighting
 + Level 4.9 Throwing
 + Level 3.4 Dodging
 - Level 0.3 Stealth
 * Level 5.2 Unarmed Combat


You had 2 spell levels left.
You knew the following spells:

 Your Spells              Type           Power        Failure   Level  Hunger
a - Blink                 Tloc           N/A          56%         2    ###....
b - Call Imp              Summ           #.......     56%         2    ###....

Your spell library contained the following spells:

 Spells                   Type           Power        Failure   Level  Hunger
 Magic Dart               Conj           #...         43%         1    ##.....
 Slow                     Hex            #.......     56%         2    ###....
 Conjure Flame            Conj/Fire      #.......     80%         3    ####...
 Mephitic Cloud           Conj/Pois/Air  #.......     80%         3    ####...


Dungeon Overview and Level Annotations

Branches:
Dungeon (5/15)
 Temple: D:4-7

Altars:
Cheibriados
Elyvilon
Hepliaklqana
Kikubaaqudgha
Trog
Wu Jian
Yredelemnul
Zin


Innate Abilities, Weirdness & Mutations

You are too large for most types of armour.
You have claws for hands.
Your metabolism is lightning-fast.
You like to eat raw meat.
Your natural rate of healing is unusually fast.
You are covered in fur. (AC +1)
You have very tough skin. (AC +2)
Your life essence is reduced to manifest your ancestor. (-10% HP)


Message History

The wraith is severely damaged.
The wraith hits you!
* * * LOW HITPOINT WARNING * * *
Preben barely misses the wraith.
The eye of draining gazes at you.
You completely miss the wraith.
The wraith is severely damaged.
The wraith hits you.
* * * LOW HITPOINT WARNING * * *
Preben hits the wraith but does no damage.
You barely miss the wraith.
The wraith is severely damaged.
Preben misses the wraith.
The wraith barely misses you. The wraith closely misses you.
Preben hits the wraith but does no damage.
You scratch the wraith.
The wraith is almost destroyed.
The eye of draining gazes at you. The wraith hits you!
You die...

##...##
###......
#.......###
###.......G.
...:..#.#.#
#####.......
.........G##
#.....RW#
###..)#@#
###.#.#
#########.#.#
............###
######..........
#.##.#.####
#.##.#.###
#.##.#... <
#.##....###..#


You could see the friendly Preben the ancestor, an eye of draining and a wraith.

Vanquished Creatures
  A troll (D:4)
  A phantom (D:4)
  A scorpion (D:4)
  2 hounds (D:4)
  An orc wizard (D:4)
  An orc priest (D:3)
  2 bullfrog skeletons (D:4)
  An iguana (D:4)
  A worker ant (D:3)
  A gnoll (D:1)
  2 howler monkey skeletons (D:4)
  2 adders
  2 oozes
  2 worms
  2 leopard geckos (D:4)
  11 orcs
  A ball python (D:1)
  5 bats
  8 giant cockroaches
  6 goblins
  7 hobgoblins
  6 jackals
  6 kobolds
  A quokka (D:3)
  5 frilled lizards
  2 leopard gecko skeletons
  8 rats
88 creatures vanquished.

Vanquished Creatures (collateral kills)
  An orc wizard (D:3)
  A worker ant (D:4)
  An adder (D:3)
  An orc (D:3)
  A jackal (D:3)
5 creatures vanquished.

Grand Total: 93 creatures vanquished

Notes
Turn   | Place    | Note
-------+----------+-------------------------------------------
     0 | D:1      | zishaf the Troll Hunter began the quest for the Orb.
     0 | D:1      | Reached XP level 1. HP: 19/19 MP: 0/0
   128 | D:1      | Reached XP level 2. HP: 17/28 MP: 1/1
   132 | D:1      | Reached skill level 1 in Unarmed Combat
   444 | D:1      | Reached XP level 3. HP: 34/35 MP: 2/2
   869 | D:2      | Reached skill level 2 in Unarmed Combat
   943 | D:2      | Found a basalt altar of Yredelemnul.
  1012 | D:2      | Found a white marble altar of Elyvilon.
  1195 | D:2      | Reached XP level 4. HP: 42/42 MP: 3/3
  1305 | D:2      | Found a hazy altar of Hepliaklqana.
  1526 | D:2      | Became a worshipper of Hepliaklqana the Forgotten
  1589 | D:3      | Found a snail-covered altar of Cheibriados.
  1941 | D:3      | Found an ancient bone altar of Kikubaaqudgha.
  2066 | D:3      | Reached XP level 5. HP: 35/45 MP: 4/4
  2085 | D:3      | Reached skill level 3 in Unarmed Combat
  2088 | D:3      | Found an ornate altar of the Wu Jian Council.
  2324 | D:4      | Noticed a phantom
  2348 | D:4      | Killed a phantom
  2348 | D:4      | Reached XP level 6. HP: 38/53 MP: 5/5
  2453 | D:4      | Reached skill level 4 in Unarmed Combat
  2458 | D:4      | Reached * piety under Hepliaklqana
  2551 | D:4      | Found a bloodstained altar of Trog.
  2570 | D:4      | Found a glowing silver altar of Zin.
  2676 | D:4      | Learned a level 2 spell: Blink
  2679 | D:4      | Learned a level 2 spell: Call Imp
  2730 | D:4      | Noticed a troll
  2778 | D:3      | Reached XP level 7. HP: 23/60 MP: 6/6
  2845 | D:4      | Killed a troll
  2845 | D:4      | Reached skill level 5 in Unarmed Combat
  3207 | D:5      | Entered Level 5 of the Dungeon
  3229 | D:5      | Noticed a wraith
  3248 | D:5      | Slain by a wraith

Vault maps used:
D:1:      lightli_molten_gateway, minmay_cut_off
D:2:      kennysheep_ying_yang, lemuel_round_altar,
          ebering_dispersal_statue_hall, hangedman_decor_points
D:3:      nicolae_overflow_hidden_temple, marbit_many_paths,
          lemuel_crystal_altar
D:4:      kennysheep_little_box, old_standard_altar, minmay_divided_ellipse
D:5:      nicolae_overflow_crystal_walls, first_ration,
          gammafunk_ghost_nasty_kobolds, uniq_edmund

Skill      XL: |  1  2  3  4  5  6  7 |
---------------+----------------------+-----
Unarmed Combat | 1 2 3 4 5 |  5.2
Fighting       | 2 3 |  3.4
Dodging        | 2 3 |  3.4
Throwing       | 4 |  4.9
Stealth        | |  0.3

Action                   |  1- 3 |  4- 6 |  7- 9 || total
-------------------------+-------+-------+-------++-------
Melee: Unarmed           |   101 |   152 |    26 ||   279
       Punch             |     1 |     1 |       ||     2
Throw: Large rock        |     1 |       |       ||     1
Invok: Recall Ancestor   |       |       |     1 ||     1
Evoke: Wand              |       |     3 |       ||     3
  Use: Scroll            |       |     6 |       ||     6
       Potion            |       |       |     1 ||     1
 Stab: Sleeping          |     2 |     2 |       ||     4
  Eat: Chunk             |    16 |    14 |     2 ||    32
Armor: Robe              |    41 |    44 |     3 ||    88
Dodge: Dodged            |    54 |    66 |    11 ||   131

Table legend:
 A = Non-vault XP
 B = Vault XP
 C = Vault XP percentage of total XP
 D = Non-vault monster count
 E = Vault monster count
 F = Vault count percentage of total count
                 A         B        C        D         E       F
            +---------+---------+-------+---------+---------+-------
      Total |     708 |     424 |  37.5 |      85 |       8 |   8.6
            +---------+---------+-------+---------+---------+-------
        D:1 |      49 |       2 |   3.9 |      22 |       1 |   4.3
        D:2 |      54 |       0 |   0.0 |      21 |       0 |   0.0
        D:3 |     136 |      36 |  20.9 |      23 |       2 |   8.0
        D:4 |     468 |     386 |  45.2 |      18 |       5 |  21.7
        D:5 |       1 |       0 |   0.0 |       1 |       0 |   0.0
            +---------+---------+-------+---------+---------+-------
